 Dungeon Crawl Stone Soup version 0.31-a0-1008-g5b978da (webtiles) character file.

Game seed: 17340457538329372691

637 Partyfoot the Trooper (level 7, -13/57 HPs)
             Began as a Formicid Fighter on Nov 12, 2023.
             Mangled by an ogre
             ... wielding a +0 giant spiked club
              (29 damage)
             ... on level 5 of the Dungeon.
             The game lasted 00:11:26 (4261 turns).

Partyfoot the Trooper (Formicid Fighter)            Turns: 4261, Time: 00:11:27

Health: -13/57     AC: 12    Str: 20    XL:     7   Next: 80%
Magic:  7/7        EV:  5    Int:  8    God:
Gold:   267        SH:  5    Dex: 15    Spells: 6/6 levels left

rFire   . . .        a - +1 morningstar
rCold   . . .        c - +0 buckler
rNeg    + . .        g - +0 plate armour
rPois   .            (helmet unavailable)
rElec   .            (no cloak)
rCorr   .            (no gloves)
SInv    +            (no boots)
Will    .....        (no amulet) Stlth
                     v - ring of positive energy
HPRegen 0.29/turn    (no ring)
MPRegen 0.10/turn

%: no passive effects
@: no status effects
A: permanent stasis, dig shafts and tunnels, antennae 3, four strong arms
a: Dig, Shaft Self


You were on level 5 of the Dungeon.
You visited 1 branch of the dungeon, and saw 5 of its levels.

You collected 267 gold pieces.

Inventory:

Hand Weapons
 a - a +1 morningstar (weapon)
 b - a +0 orcbow
Armour
 c - a +0 buckler (worn)
 g - a +0 plate armour (worn)
 o - a +0 scale mail
Jewellery
 s - a +6 ring of intelligence
 v - a ring of positive energy (left hand)
 x - a +6 ring of intelligence
Wands
 w - a wand of flame (26)
Scrolls
 f - 2 scrolls of enchant armour {unknown}
 h - 3 scrolls of identify {unknown}
 j - 3 scrolls of poison {unknown}
 l - 2 scrolls of amnesia {unknown}
 m - a scroll of noise {unknown}
 n - a scroll of immolation {unknown}
 p - a scroll of enchant weapon {unknown}
 q - a scroll of revelation {unknown}
 r - a scroll of fog {unknown}
Potions
 d - a potion of might
 e - a potion of attraction {unknown}
 i - 5 potions of curing {unknown}
 k - 2 potions of degeneration {unknown}
 t - a potion of invisibility {unknown}
 u - a potion of magic {unknown}


   Skills:
 + Level 5.8 Fighting
 + Level 4.6 Maces & Flails
 + Level 5.5 Armour
 - Level 5.4 Shields


You had 6 spell levels left.
You didn't know any spells.
Your spell library contained the following spells:

 Spells                   Type           Power      Damage    Failure   Level
 Apportation              Tloc           0%         N/A       100%        1
 Kiss of Death            Conj/Necr      0%         2d5       100%        1
 Jinxbite                 Hex            0%         N/A       100%        2
 Confusing Touch          Hex            0%         N/A       100%        3
 Tukima's Dance           Hex            0%         N/A       100%        3
 Dimensional Bullseye     Hex/Tloc       0%         N/A       100%        4
 Dispel Undead            Necr           0%         3d6       100%        4
 Iskenderun's Mystic Bla  Conj/Tloc      0%         2d3       100%        4
 Alistair's Intoxication  Tmut/Pois      0%         N/A       100%        5


Dungeon Overview and Level Annotations

Branches:
Dungeon (5/15)
 Temple: D:4-7

Altars:
Ashenzari
Gozag
Kikubaaqudgha
Ru
Uskayaw
Wu Jian
Zin

Shops:
D:4 :

Annotations:
D:5 Eustachio


Innate Abilities, Weirdness & Mutations

You cannot be hasted, slowed, berserked, paralysed or teleported.
You can dig through walls and to a lower floor.
You have a pair of large antennae on your head. (SInv)
Your four strong arms can wield two-handed weapons with a shield.


Message History

Level annotation: Eustachio
There is a stone staircase leading up here.
You sense a monster nearby.
The orc shouts!
An orc priest comes into view. It is wielding a +0 hand axe.
The orc priest shouts!
The ogre shouts!
You hear a shout!
An orc comes into view. It is wielding a +0 dagger.
The orc shouts! x2
You closely miss the orc priest.
The orc priest casts a cantrip, but nothing happens.
You barely miss the orc priest.
The orc priest hits you with a +0 hand axe.
A dart slug comes into view.
You puncture the orc priest!
The orc priest is almost dead.
The orc priest hits you with a +0 hand axe.
The orc priest mumbles some strange prayers to Beogh against you.
Beogh smites you!
You hit the orc priest.
You kill the orc priest!
The ogre hits you with a +0 giant spiked club!
Eustachio gestures wildly while chanting.
Eustachio blinks!
The orc attacks as it pursues you! The orc hits you with a +0 dagger.
* * * LOW HITPOINT WARNING * * *
You barely miss the orc. The orc completely misses you.
You barely miss the orc. The orc hits you but does no damage.
The orc hits you with a +2 hand axe of freezing.
* * * LOW HITPOINT WARNING * * *
The orc freezes you.
* * * LOW HITPOINT WARNING * * *
You puncture the orc!
You kill the orc!
The orc hits you but does no damage. You block the orc's attack.
You sock the ogre!
The ogre is moderately wounded.
The ogre hits you with a +0 giant spiked club!!
Ouch! That really hurt!
You die...

≈≈≈≈≈≈.#.###........##
.≈.....≈........)<.....#
≈.≈.≈≈≈.≈..#............#
≈.≈.._≈.≈.)#.......[....+
≈.≈≈≈≈≈.≈.##............#
≈......o≈..#..............
≈≈≈≈≈≈≈≈.................
.$....÷...#..............
###....#@o.............
##..{##Ow........... #
#/###..............
..#.#.##.##.............#.
.......<.....)....>..#..#
........##...........##..
#..###.##............# #
#. #............. #.
#.........##..o


You could see an ogre, a dart slug and 2 orcs.

Vanquished Creatures
  An ice beast (D:5)
  5 wights (D:4)
  A hound (D:4)
  An orc priest (D:5)
  Jessica (D:3)
  2 iguanas (D:4)
  3 gnolls (D:3)
  2 adders
  A white imp (D:4)
  3 worms
  2 dart slugs
  6 orcs
  5 ball pythons
  7 bats
  11 endoplasms
  6 giant cockroaches
  7 goblins
  7 hobgoblins
  2 jackals (D:4)
  4 kobolds
  3 quokkas
  2 frilled lizards (D:1)
  A rat (D:2)
83 creatures vanquished.

Notes
Turn   | Place    | Note
-------+----------+-------------------------------------------
     0 | D:1      | Partyfoot the Formicid Fighter began the quest for the Orb.
     0 | D:1      | Reached XP level 1. HP: 18/18 MP: 1/1
   163 | D:1      | Reached XP level 2. HP: 21/24 MP: 2/2
   473 | D:1      | Reached XP level 3. HP: 30/30 MP: 3/3
   664 | D:1      | Found a faded altar of an unknown god.
  1349 | D:2      | Reached XP level 4. HP: 30/37 MP: 4/4
  1380 | D:2      | Found a hide-covered altar of Uskayaw.
  1826 | D:3      | Found a glowing silver altar of Zin.
  1852 | D:3      | Noticed Jessica
  1862 | D:3      | Killed Jessica
  2068 | D:3      | Reached skill level 5 in Shields
  2133 | D:3      | Found a hide-covered altar of Uskayaw.
  2301 | D:3      | Reached XP level 5. HP: 33/42 MP: 5/5
  2408 | D:3      | Found a sacrificial altar of Ru.
  2948 | D:4      | Reached XP level 6. HP: 13/49 MP: 6/6
  3095 | D:4      | Found an ancient bone altar of Kikubaaqudgha.
  3149 | D:4      | Reached skill level 5 in Fighting
  3153 | D:4      | Reached XP level 7. HP: 35/56 MP: 7/7
  3372 | D:4      | Reached skill level 5 in Armour
  3688 | D:4      | Found Ixych's Book Shop.
  3805 | D:5      | Entered Level 5 of the Dungeon
  3872 | D:5      | Found an ornate altar of the Wu Jian Council.
  3883 | D:5      | Noticed Eustachio
  3909 | D:4      | Found a broken altar of Ashenzari.
  3914 | D:4      | Found an opulent altar of Gozag.
  4261 | D:5      | Mangled by an ogre

Illustrated notes

Levels and vault maps discovered:
D:1:      kilobyte_arrival_exit_the_forest, layout_loops_corners,
          ebering_ecumenical_altar_petrified
D:2:      layout_loops_ring, basic_altar, hangedman_feature_mirror,
          minmay_pentomino_pile
D:3:      layout_loops_corners, mainiacjoe_overflow_paths, zin_academy,
          nicolae_uskayaw_murder_on_the_dancefloor, minmay_vboxes, uniq_jessica
D:4:      layout_gridville, kiku_gazebo_pond_becter,
          mainiacjoe_overflow_big_doors, serial_shops, shop,
          minmay_tree_intersection
D:5:      layout_cave_pools, mainiacjoe_overflow_catwalk_spiral, serial_shops,
          shop, nicolae_shop_behind_doors, shop, chequers_arboretum,
          uniq_eustachio

Skill      XL: |  1  2  3  4  5  6  7 |
---------------+----------------------+-----
Fighting       | 4 5 |  5.8
Shields        | 5 |  5.4
Maces & Flails | 3 4 |  4.6
Armour         | 4 5 |  5.5

Action                     |  1- 3 |  4- 6 |  7- 9 || total
---------------------------+-------+-------+-------++-------
  Melee: Flail             |    82 |    74 |     6 ||   162
         Morningstar       |       |       |    74 ||    74
   Fire: Orcbow            |       |    31 |       ||    31
 Armour: Scale mail        |    23 |       |       ||    23
         Plate armour      |    32 |    82 |   116 ||   230
  Dodge: Dodged            |    30 |    10 |    30 ||    70
  Block: Buckler           |    17 |    24 |    26 ||    67

Table legend: (Time is in decaauts)
 A = Elapsed time spent in this place.
 B = Non-inter-level travel time spent in this place.
 C = Inter-level travel time spent in this place.
 D = Time resting spent in this place.
 E = Time spent auto-exploring this place.
 F = Levels seen in this place.
 G = Mean time per level.
                   A        B        C        D        E       F      G
               +--------+--------+--------+--------+--------+-----+--------+
         Total |   4366 |   4138 |    228 |    506 |   2901 |   5 |  873.2 |
       Dungeon |   4366 |   4138 |    228 |    506 |   2901 |   5 |  873.2 |
               +--------+--------+--------+--------+--------+-----+--------+

Top non-repeatable levels by time:
     D:4: 1419 daAuts
     D:3: 1046 daAuts
     D:1: 1007 daAuts
     D:2: 780 daAuts
     D:5: 111 daAuts
